 Dungeon Crawl Stone Soup version 0.18.1-8-gdd0e5ea (webtiles) character file.

6982 Gargoyl the Protected (level 10, 0/79 HPs)
             Began as a Demonspawn Abyssal Knight on June 10, 2016.
             Was the Champion of Lugonu.
             Slain by Snorg (23 damage)
             ... on level 10 of the Dungeon.
             The game lasted 00:26:04 (12168 turns).

Gargoyl the Protected (Demonspawn Abyssal Knight)  Turns: 12168, Time: 00:26:04

Health: 0/79       AC: 15    Str: 15    XL:     10   Next: 81%
Magic:  12/12      EV:  1    Int: 15    God:    Lugonu [******]
Gold:   121        SH:  8    Dex: 14    Spells: 0 memorised, 9 levels left

rFire  . . .     SeeInvis .     t - +2 war axe (elec)
rCold  . . .     Gourm    .     d - +0 plate armour
rNeg   + . .     Faith    .     a - +1 buckler {rN+}
rPois  .         Spirit   .     (no helmet)
rElec  .         Dismiss  .     (no cloak)
rCorr  .         Reflect  .     B - +2 pair of gloves
SustAt .         Harm     .     (boots unavailable)
MR     .....     Rnd*Rage +     (no amulet)
Stlth  ..........               (no ring)
                                n - +5 ring of slaying

@: lethally poisoned (0 -> -1), not resistant to hostile enchantments, extremely
unstealthy
A: talons 3, large bone plates 1, berserk 1, clever 1, deformed body, demonic
guardian 2, no device heal 1
a: Depart the Abyss, Bend Space, Banish, Corrupt, Enter the Abyss, Brand Weapon
With Distortion, Renounce Religion


You were on level 10 of the Dungeon.
You worshipped Lugonu.
Lugonu was exalted by your worship.
You were not hungry.

You visited 1 branch of the dungeon, and saw 10 of its levels.
You visited the Abyss 1 time.
You also visited: Ossuary.

You collected 523 gold pieces.
You spent 402 gold pieces at shops.

Inventory:

Hand Weapons
 p - a +3 spear
 t - a +2 war axe of electrocution (weapon)
Armour
 a - a +1 buckler of positive energy (worn)
 d - a +0 plate armour (worn)
 B - a +2 pair of gloves (worn)
Jewellery
 n - a +5 ring of slaying (left hand)
Wands
 l - a wand of paralysis (20/24)
 r - a wand of lightning (15/15)
 u - a wand of flame (12/48)
 w - a wand of teleportation (5/9)
 y - a wand of iceblast (9/15)
 z - a wand of iceblast (6/15)
Scrolls
 e - 7 scrolls of identify
 h - 2 scrolls of amnesia
 i - a scroll of random uselessness {unknown}
 k - a scroll of fear
 o - 4 scrolls of remove curse
 q - 2 scrolls of recharging
 s - 5 scrolls of teleportation
 A - a scroll of brand weapon
Potions
 j - 2 potions of curing
 m - a potion of flight
 x - a potion of berserk rage {unknown}
Books
 b - a book of Minor Magic

   Spells                             Type                      Level
   a - Magic Dart                     Conjuration                  1
   b - Blink                          Translocation                2
   c - Call Imp                       Summoning                    2
   d - Repel Missiles                 Charms/Air                   2
   e - Slow                           Hexes                        2
   f - Conjure Flame                  Conjuration/Fire             3
   g - Mephitic Cloud                 Conjuration/Poison/Air       3
 v - a book of Debilitation

   Spells                             Type                      Level
   a - Corona                         Hexes                        1
   b - Slow                           Hexes                        2
   c - Gell's Gravitas                Hexes/Translocation          3
   d - Inner Flame                    Hexes/Fire                   3
   e - Cause Fear                     Hexes                        4
   f - Leda's Liquefaction            Hexes/Earth                  4
Miscellaneous
 C - a box of beasts
Comestibles
 c - 10 bread rations
 f - a beef jerky
 g - 2 slices of pizza


   Skills:
 + Level 7.6 Fighting
 + Level 7.8 Axes
 * Level 10.5 Armour
 + Level 2.8 Dodging
 + Level 0.4 Stealth
 + Level 3.6 Shields
 + Level 3.7 Invocations


You had 9 spell levels left.
You didn't know any spells.

Dungeon Overview and Level Annotations

Branches:
Dungeon (10/15)            Temple (0/1) D:6            Lair (0/8) D:9
    Orc: D:9-12

Altars:
Ashenzari
Cheibriados
Gozag
Kikubaaqudgha
Okawaru
Pakellas
Qazlal
Ru
Sif Muna
Trog
Yredelemnul
The Shining One

Shops:
D:7 ?:

Annotations:
D:10 Snorg


Innate Abilities, Weirdness & Mutations

You have claws for feet.
You are partially covered in large bone plates (AC +2, SH +2).
A demonic guardian rushes to your aid.
You tend to lose your temper in combat.
Your mind is acute. (Int +2)
Armour fits poorly on your strangely shaped body.
Potions and wands are less effective at restoring your health.


Message History

You block Snorg's attack. Snorg claws you. Snorg claws you but does no damage.
The black bear bites your sun demon but does no damage.
The black bear barely misses your sun demon.
The black bear claws your sun demon but does no damage.
Things that are here:
an uncursed club; an uncursed blowgun; 2 poisoned needles Your sun demon barely misses Snorg.
The cyclops throws a large rock.
The large rock hits you!!
Things that are here:
a large rock; a stone You feel sick.
Snorg rages.
Snorg bites you but does no damage. Snorg claws you!
* * * LOW HITPOINT WARNING * * *
You block Snorg's attack.
You hear a shout!
There is a stone staircase leading down, spattered with blood here.
Your sun demon disappears in a puff of smoke!
Snorg bites you!!
You die...

##....#..........
......#..........
................##
..................
#..............
#...(h.........
#...)).......#####
#....((T...........
#....(.@...........#
#....##(##.........#
#....##.##.........#
......##.#..........#
....C####†#........).#
.....###......)......#
...........#.........#
.........#.........#
.........#....######


You could see Snorg (berserk) and a black bear.

Vanquished Creatures
  A troll (D:9)
  Grinder (D:5)
  A slime creature (D:10)
  A spriggan (D:7)
  A wyvern (D:8)
  2 hippogriffs
  A hungry ghost (D:8)
  Menkaure (D:5)
  A mottled dragon (D:8)
  The ghost of markolepsija72 the Magician, an amateur DEWz (D:3)
  Edmund (D:4)
  An orc warrior (D:9)
  2 sky beasts
  2 ice beasts
  A wasp (D:9)
  3 ogres
  2 centaurs
  The ghost of jesusflecha the Covered, an amateur TeFi of Okawaru (D:4)
  2 big kobolds (D:9)
  An elf zombie (D:8)
  Blork the orc (D:4)
  5 giant frogs
  4 scorpions
  5 killer bees
  6 wights
  10 howler monkeys
  2 centaur zombies (Ossuary)
  A quasit (D:7)
  7 human zombies
  4 jellies
  3 crimson imps
  A gnoll shaman (D:7)
  6 orc priests
  5 hounds
  2 iguanas (D:5)
  Ijyb (D:2)
  12 orc wizards
  5 worker ants
  2 big kobold zombies (Ossuary)
  An ogre zombie (D:8)
  3 mummies
  A worker ant zombie (D:5)
  15 gnolls
  2 river rats (D:9)
  13 adders
  2 shadow imps (D:8)
  18 oozes
  2 adder skeletons (D:5)
  An adder zombie (Ossuary)
  5 worms
  3 giant geckos
  25 orcs
  2 ball pythons
  2 giant cockroaches (D:2)
  12 goblins
  9 hobgoblins
  7 jackals
  16 kobolds
  7 quokkas
  A ball python zombie (D:5)
  7 bats
  8 giant newts
  7 hobgoblin zombies (Ossuary)
  A jackal zombie (Ossuary)
  6 kobold zombies (Ossuary)
  13 orc zombies
  2 quokka zombies (D:9)
  7 rats
  4 rat zombies (Ossuary)
  7 fungi
  A plant (D:9)
319 creatures vanquished.

Vanquished Creatures (collateral kills)
  A hippogriff (D:10)
  A water moccasin (D:8)
  An ice beast (D:8)
  An orc warrior (D:9)
  An ogre (D:9)
  A crocodile (D:9)
  A big kobold (D:10)
  A wight (D:6)
  2 human zombies (D:8)
  2 orcs (D:9)
12 creatures vanquished.

Vanquished Creatures (others)
  A yak (D:3)
  A killer bee (D:7)
  6 fungi (D:10)
8 creatures vanquished.

Grand Total: 339 creatures vanquished

Notes
Turn   | Place    | Note
--------------------------------------------------------------
     0 | Abyss:1  | Gargoyl the Demonspawn Abyssal Knight began the quest for the Orb.
     0 | Abyss:1  | Reached XP level 1. HP: 18/18 MP: 2/2
    74 | Abyss:2  | Noticed a wretched star
    74 | D:1      | Escaped the Abyss
   252 | D:1      | Reached skill level 2 in Armour
   283 | D:1      | Reached * piety under Lugonu
   283 | D:1      | Gained mutation: You have sharp toenails. [demonic ancestry]
   283 | D:1      | Reached XP level 2. HP: 21/24 MP: 3/3
   710 | D:1      | Reached skill level 1 in Dodging
  1062 | D:2      | Reached XP level 3. HP: 29/29 MP: 4/4
  1335 | D:2      | Found a sacrificial altar of Ru.
  1771 | D:2      | Gained mutation: You have razor-sharp toenails. [demonic ancestry]
  1771 | D:2      | Reached XP level 4. HP: 13/37 MP: 6/6
  1774 | D:2      | Reached ** piety under Lugonu
  1798 | D:2      | Reached skill level 3 in Armour
  1990 | D:2      | Noticed Ijyb
  2020 | D:2      | Killed Ijyb
  2493 | D:2      | Reached XP level 5. HP: 41/42 MP: 7/7
  2509 | D:3      | Found a basalt altar of Yredelemnul.
  2810 | D:3      | Noticed markolepsija72's ghost (amateur DEWz)
  3066 | D:3      | Killed markolepsija72's ghost
  3066 | D:3      | Reached skill level 4 in Armour
  3066 | D:3      | Gained mutation: You are partially covered in large bone plates (AC +2, SH +2). [demonic ancestry]
  3066 | D:3      | Reached XP level 6. HP: 30/48 MP: 8/8
  3349 | D:3      | Found a snail-covered altar of Cheibriados.
  3561 | D:3      | Found an oddly glowing altar of Pakellas.
  3561 | D:3      | Noticed an orange crystal statue
  3563 | D:3      | Noticed a yak
  3585 | D:3      | Killed a yak
  3601 | D:4      | Noticed jesusflecha's ghost (amateur TeFi)
  4102 | D:4      | Killed jesusflecha's ghost
  4102 | D:4      | Reached skill level 5 in Armour
  4137 | D:3      | Gained mutation: You have claws for feet. [demonic ancestry]
  4137 | D:3      | Reached XP level 7. HP: 8/55 MP: 9/9
  5223 | D:4      | Noticed Blork the orc
  5475 | D:4      | Killed Blork the orc
  5475 | D:4      | Reached *** piety under Lugonu
  5475 | D:4      | Reached skill level 5 in Fighting
  5788 | D:5      | Entered Level 5 of the Dungeon
  5939 | D:5      | Reached skill level 6 in Armour
  6080 | D:5      | Noticed Menkaure
  6089 | D:5      | Killed Menkaure
  6089 | D:5      | Reached XP level 8. HP: 8/62 MP: 10/10
  6465 | D:5      | Noticed Grinder
  6465 | D:5      | Noticed Edmund
  6471 | D:5      | Paralysed by Grinder for 4 turns
  6486 | D:5      | Paralysed by Grinder for 7 turns
  6794 | D:4      | Killed Edmund
  6817 | D:5      | Paralysed by Grinder for 5 turns
  6832 | D:5      | Paralysed by Grinder for 6 turns
  6846 | D:5      | Killed Grinder
  6846 | D:5      | Reached skill level 7 in Armour
  7426 | D:6      | Found a staircase to the Ecumenical Temple.
  7525 | D:6      | Found an iron altar of Okawaru.
  7794 | D:6      | Found a shattered altar of Ashenzari.
  7856 | D:6      | Reached skill level 5 in Axes
  7856 | D:6      | Reached skill level 8 in Armour
  7959 | D:6      | Gained mutation: A weak demonic guardian rushes to your aid. [demonic ancestry]
  7959 | D:6      | Reached XP level 9. HP: 67/69 MP: 11/11
  8067 | D:7      | Reached **** piety under Lugonu
  8095 | D:7      | Gained mutation: Scrolls take you a little longer to read. [mutagenic meat]
  8096 | D:7      | Gained mutation: You are dopey. (Int -2) [mutagenic meat]
  8208 | D:7      | Identified a scroll of acquirement
  8266 | D:7      | Found a stormy altar of Qazlal.
  8671 | D:6      | HP: 3/69 [poisoned by a killer bee]
  9323 | D:7      | Found Cumiod's Book Boutique.
  9346 | D:7      | Got a bone hand axe
  9349 | D:7      | Identified the +3 hand axe "Meley" {freeze, *Contam +Fly rElec MP+9} (You found it on level 7 of the Dungeon)
  9358 | D:7      | Reached skill level 1 in Shields
  9497 | D:7      | Found Riyr's Magic Scroll Shop.
  9507 | D:7      | Bought a scroll of brand weapon for 240 gold pieces
  9513 | D:7      | Bought a scroll of enchant weapon for 90 gold pieces
  9513 | D:7      | Bought a scroll of teleportation for 36 gold pieces
  9513 | D:7      | Bought a scroll of teleportation for 36 gold pieces
  9523 | D:7      | Gained mutation: You tend to lose your temper in combat. [mutagenic glow]
  9689 | D:7      | Reached skill level 9 in Armour
  9748 | D:8      | Found a sand-covered staircase.
  9771 | Ossuary  | Entered an ossuary
  9955 | Ossuary  | Reached ***** piety under Lugonu
 10134 | D:8      | Found an ancient bone altar of Kikubaaqudgha.
 10276 | D:8      | Found a glowing golden altar of the Shining One.
 10287 | D:8      | Gained mutation: A demonic guardian rushes to your aid. [demonic ancestry]
 10287 | D:8      | Reached XP level 10. HP: 77/77 MP: 12/12
 10510 | D:8      | Found an opulent altar of Gozag.
 10627 | D:8      | Found a sacrificial altar of Ru.
 10653 | D:9      | Found a bloodstained altar of Trog.
 10798 | D:9      | Gained mutation: Potions and wands are less effective at restoring your health. [mutagenic meat]
 10799 | D:9      | Lost mutation: You are dopey. (Int -2) [mutagenic meat]
 10800 | D:9      | Gained mutation: Your mind is acute. (Int +2) [mutagenic meat]
 10801 | D:9      | Lost mutation: Scrolls take you a little longer to read. [mutagenic meat]
 10802 | D:9      | Gained mutation: Armour fits poorly on your strangely shaped body. [mutagenic meat]
 11156 | D:9      | Found a staircase to the Lair.
 11180 | D:9      | Reached skill level 10 in Armour
 11277 | D:9      | Found a shattered altar of Ashenzari.
 11522 | D:9      | Found a deep blue altar of Sif Muna.
 11524 | D:9      | Reached ****** piety under Lugonu
 11839 | D:9      | Found an opulent altar of Gozag.
 11909 | D:10     | Entered Level 10 of the Dungeon
 12158 | D:10     | Noticed Snorg
 12164 | D:10     | Noticed a cyclops
 12168 | D:10     | Slain by Snorg

Skill      XL: |  1  2  3  4  5  6  7  8  9 10 |
---------------+-------------------------------+-----
Armour         | 2 3 4 5 6 8 9 10 | 10.5
Dodging        | 1 2 |  2.8
Axes           | 2 3 5 6 7 |  7.8
Fighting       | 4 5 6 7 |  7.6
Invocations    | 3 |  3.7
Shields        | 2 3 |  3.6
Stealth        | |  0.4

Action                   |  1- 3 |  4- 6 |  7- 9 | 10-12 || total
-------------------------+-------+-------+-------+-------++-------
Melee: Hand axe          |   113 |    80 |    18 |       ||   211
       Kick              |    20 |    68 |   119 |    52 ||   259
       War axe           |       |   199 |   282 |   195 ||   676
       Battleaxe         |       |       |   145 |       ||   145
Invok: Depart the Abyss  |     1 |       |       |       ||     1
       Bend Space        |       |       |     2 |       ||     2
       Banish            |       |       |     1 |       ||     1
  Use: Potion            |     2 |     3 |     9 |     1 ||    15
       Scroll            |       |       |    18 |     2 ||    20
  Eat: Chunk             |     3 |     6 |    20 |    10 ||    39
       Fruit             |       |     3 |       |       ||     3
       Royal jelly       |       |       |     1 |     1 ||     2
       Meat ration       |       |       |       |     2 ||     2
       Pizza             |       |       |       |     1 ||     1
Armor: Plate armour      |   114 |   263 |   423 |   138 ||   938
       Skin              |       |    41 |     1 |       ||    42
Dodge: Dodged            |    21 |    68 |   131 |    44 ||   264
Block: Other             |       |     9 |    19 |       ||    28
       Buckler           |       |       |    76 |    91 ||   167
